 Dungeon Crawl Stone Soup version 0.31.0-32-g396128a36d (webtiles) character file.

Game seed: 11875880105250679945

49725 SheePop the Impaler (level 14, -1/136 HPs)
             Began as a Minotaur Fighter on Apr 12, 2024.
             Was a High Priest of Wu Jian.
             Slain by an acid blob (10 damage)
             ... on level 5 of the Pits of Slime on Apr 14, 2024.
             The game lasted 01:04:27 (14712 turns).

SheePop the Impaler (Minotaur Fighter)             Turns: 14712, Time: 01:04:29

Health: -1/136     AC: 30    Str: 30 (31) XL:     14   Next: 17%
Magic:  13/13      EV:  9    Int:  2 (5)  God:    Wu Jian [*****.]
Gold:   1080       SH:  9    Dex: 13 (15) Spells: 13/13 levels left

rFire   + . .        o - +9 lance "Wyrmbane" {slay drac, rPois rF+ rC+ AC+3}
rCold   . . .        z - orb {mayhem}
rNeg    . . .        F - +8 chain mail {ponderous}
rPois   +            (helmet restricted)
rElec   .            O - +0 cloak
rCorr   .            Z - +0 pair of gloves
SInv    .            G - +1 pair of boots {rampage}
Will    +....        K - amulet of reflection Stlth
                     l - +6 ring of strength
HPRegen 0.42/turn    I - +6 ring of strength
MPRegen 0.13/turn

%: random rage (3%), mayhem, reflection, rampage
@: slow
A: horns 2, retaliatory headbutt, large bone plates 1, berserk 1, teleportitis
1, weak 1, cold vulnerability 1, inability to drink after injury 1, MP-powered
wands, noise suppression
a: Renounce Religion, Wall Jump, Serpent's Lash, Heavenly Storm


You were on level 5 of the Pits of Slime.
You worshipped Wu Jian.
Wu Jian was extremely pleased with you.
You visited 4 branches of the dungeon, and saw 20 of its levels.

You collected 1080 gold pieces.

Inventory:

Hand Weapons
 o - the +9 lance "Wyrmbane" (weapon) {slay drac, rPois rF+ rC+ AC+3}
   (You took it off Maggie on level 8 of the Dungeon)

   AC+3:      It affects your AC (+3).
   rF+:       It protects you from fire.
   rC+:       It protects you from cold.
   rPois:     It protects you from poison
 A - the +8 falchion "Otaukhluw" {drain, rN+ Str+6 Dex-2 Stlth+}
   (You found it on level 4 of the Dungeon)

   Str+6:     It affects your strength (+6).
   Dex-2:     It affects your dexterity (-2).
   rN+:       It protects you from negative energy.
   Stlth+:    It makes you more stealthy.
 S - a +5 war axe
 T - a +4 battleaxe
Missiles
 e - 2 throwing nets (quivered)
 g - 115 stones
Armour
 z - an orb of mayhem (worn)
 F - a +8 chain mail of ponderousness (worn)
 G - a +1 pair of boots of rampaging (worn)
 O - a +0 cloak (worn)
 Y - a +0 kite shield of cold resistance
 Z - a +0 pair of gloves (worn)
Jewellery
 l - a +6 ring of strength (left hand)
 I - a +6 ring of strength (right hand)
 K - an amulet of reflection (around neck)
Scrolls
 b - a scroll of noise {unknown}
 c - a scroll of fear {unknown}
 d - 2 scrolls of blinking {unknown}
 f - 3 scrolls of poison
 i - 3 scrolls of enchant weapon {unknown}
 k - 2 scrolls of teleportation
 s - a scroll of torment
 t - 3 scrolls of revelation
 C - 2 scrolls of immolation {unknown}
 P - 4 scrolls of fog {unknown}
 Q - 5 scrolls of identify
 V - 3 scrolls of amnesia {unknown}
 X - a scroll of enchant armour {unknown}
Potions
 a - 2 potions of enlightenment {unknown}
 h - a potion of brilliance
 j - a potion of magic {unknown}
 v - a potion of lignification {unknown}
 x - a potion of heal wounds {unknown}
 B - 2 potions of cancellation
 J - a potion of haste {unknown}
 L - a potion of attraction {unknown}
 N - a potion of resistance {unknown}
 R - a potion of degeneration


   Skills:
 + Level 15.9 Fighting
 - Level 5.7(13.7) Axes
 - Level 6.9(7.9) Maces & Flails
 * Level 17.9(18.3) Polearms
 + Level 15.8 Armour
 - Level 3.6 Shields


You had 13 spell levels left.
You didn't know any spells.
Your spell library contained the following spells:

 Spells                   Type           Power      Damage    Failure   Level
 Freeze                   Ice            0%         1d3       87%         1
 Magic Dart               Conj           0%         1d3       87%         1
 Blink                    Tloc           0%         N/A       95%         2
 Call Imp                 Summ           0%         N/A       95%         2
 Cigotuvi's Dreadful Rot  Necr/Alch/Air  0%         N/A       95%         2
 Jinxbite                 Hex            0%         N/A       95%         2
 Frozen Ramparts          Ice            0%         1d1       99%         3
 Hailstorm                Conj/Ice       0%         3d5       99%         3
 Volatile Blastmotes      Fire/Tloc      0%         2d10      99%         3
 Dispel Undead            Necr           0%         3d6       100%        4
 Fulminant Prism          Conj/Alch      0%         3d5       100%        4
 Iskenderun's Mystic Bla  Conj/Tloc      0%         2d3       100%        4
 Martyr's Knell           Necr/Summ      0%         N/A       100%        4
 Vhi's Electric Charge    Tloc/Air       0%         N/A       100%        4
 Arcjolt                  Conj/Air       0%         1d10      100%        5
 Yara's Violent Unravell  Hex/Alch       0%         3d3       100%        5
 Death Channel            Necr           0%         N/A       100%        6
 Enfeeble                 Hex            0%         N/A       100%        7
 Maxwell's Capacitive Co  Air            0%         ∞         100%        8


Dungeon Overview and Level Annotations

Branches:
Dungeon (9/15)             Temple (1/1) D:4            Lair (5/5) D:9
  Slime (5/5) Lair:4
  Swamp: Lair:2-3    Shoals: Lair:2-3     Snake: Lair:2-3    Spider: Lair:2-3
    Orc: D:9-12

Altars:
Ashenzari
Cheibriados
Dithmenos
Elyvilon
Fedhas
Gozag
Hepliaklqana
Kikubaaqudgha
Makhleb
Nemelex Xobeh
Okawaru
Qazlal
Ru
Sif Muna
Uskayaw
Vehumet
Wu Jian
Xom
Yredelemnul
Zin
The Shining One
Jiyva

Shops:
D:7 :

Annotations:
D:5 3 runed translucent doors, Seabass1289's ghost, amateur GrEE
Lair:1 exclusion: 2 oklob plants


Innate Abilities, Weirdness & Mutations

You have a pair of horns on your head.
You reflexively headbutt those who attack you in melee.
You are partially covered in large bone plates. (SH +4)
You sometimes lose your temper in combat.
You are occasionally teleported next to monsters.
You are weak. (Str -2)
You are vulnerable to cold. (rC-)
You occasionally lose the ability to drink potions when taking damage.
You expend magic power (3 MP) to strengthen your wands.
You passively dampen the noise of your surroundings.


Message History

The slime creature is no longer in an wild frenzy.
The slime creature hits you but does no damage.
The slime creature barely misses you.
You're too confused to move!
The slime creature hits you but does no damage.
The slime creature hits you.
There is a stone staircase leading down here.
You climb downwards.
There is a stone staircase leading up here.
The acid blob spits acid at you. The splash of acid hits you!
* * * LOW HITPOINT WARNING * * *
In your confused state, you trip and fall back down the stairs.
* * * LOW HITPOINT WARNING * * *
In your confused state, you trip and fall back down the stairs.
* * * LOW HITPOINT WARNING * * *
Okay, then.
The acid blob hits you!!
* * * LOW HITPOINT WARNING * * *
You are splashed with acid!
* * * LOW HITPOINT WARNING * * *
The acid blob hits you but does no damage.
In your confused state, you trip and fall back down the stairs.
* * * LOW HITPOINT WARNING * * *
The acid blob spits acid at you. The splash of acid hits you.
* * * LOW HITPOINT WARNING * * *
It was a potion of degeneration.
There was something very wrong with that liquid.
You feel weakened.
You feel dopey.
You feel clumsy.
The acid blob hits you but does no damage.
Okay, then.
You are too confused!
It was a potion of cancellation.
Your magical effects are unravelling.
You feel magically purged.
You feel less confused.
The acid blob jiggles.
The acid blob hits you!
You die...

## ##
###.#.###
##.......## .
#.........#..
##............
#.....J.......
#....@.......
#.............
##.........##.
#..........#
##.......###
###.#.### ##
##


You could see an acid blob.

Vanquished Creatures
  3 acid blobs
  5 hydras
  2 two-headed ogres (D:9)
  Sonja (Lair:1)
  A skyshark (Lair:4)
  A bog body (Lair:4)
  2 wolf spiders (Lair:5)
  5 shining eyes
  10 elephants
  A guardian serpent (Lair:5)
  2 eyes of devastation
  8 black mambas
  12 cane toads
  A torpor snail (Lair:1)
  Maggie (D:8)
  2 komodo dragons
  Jeremiah (Lair:1)
  6 rime drakes
  A freezing wraith (Lair:4)
  3 polar bears (Lair:4)
  16 blink frogs
  2 hornets
  28 slime creatures
  A dire elephant simulacrum (Lair:4)
  11 wyverns
  Eustachio (D:6)
  2 golden eyes (Slime:4)
  38 yaks
  A redback (Lair:5)
  Menkaure (D:6)
  2 basilisks
  3 steam dragons
  A harpy simulacrum (Lair:4)
  20 water moccasins
  A sky beast (D:5)
  4 orc warriors
  6 ice beasts
  2 centaurs (D:9)
  5 wolves
  An ogre (D:4)
  A phantom (D:6)
  2 kobold brigands (D:7)
  Blork the orc (D:6)
  A gnoll sergeant (D:7)
  8 bullfrogs
  3 scorpions
  5 wights (D:8)
  6 killer bees (D:8)
  An elephant simulacrum (Lair:4)
  A howler monkey (D:6)
  A jelly (D:7)
  3 gnoll boudas
  5 orc priests
  3 hounds
  4 iguanas
  2 sleepcaps (D:6)
  4 orc wizards
  2 troll simulacra (Lair:4)
  20 gnolls
  5 adders
  3 white imps
  2 dart slugs
  2 ribbon worms
  29 orcs
  8 ball pythons
  4 bats
  6 endoplasms
  3 giant cockroaches
  9 goblins
  7 hobgoblins
  3 quokkas
  4 frilled lizards
  19 kobolds
  3 rats
394 creatures vanquished.

Vanquished Creatures (collateral kills)
  5 yaks (Lair:5)
  A golden eye (Slime:4)
  A redback (Lair:5)
  A water moccasin (Lair:5)
  A two-headed ogre simulacrum (Lair:4)
9 creatures vanquished.

Vanquished Creatures (others)
  A kobold (D:7)
1 creature vanquished.

Grand Total: 404 creatures vanquished

Notes
Turn   | Place    | Note
-------+----------+-------------------------------------------
     0 | D:1      | SheePop the Minotaur Fighter began the quest for the Orb.
     0 | D:1      | Reached XP level 1. HP: 19/19 MP: 0/0
    38 | D:1      | Found a faded altar of an unknown god.
   284 | D:1      | Reached XP level 2. HP: 25/28 MP: 1/1
   829 | D:2      | Reached skill level 5 in Fighting
   875 | D:2      | Identified the +2 rapier "Gram" {venom, rCorr Str+4}
   948 | D:2      | Reached XP level 3. HP: 35/36 MP: 2/2
   973 | D:2      | Reached XP level 4. HP: 15/44 MP: 3/3
  1353 | D:2      | You fall into a shaft and drop 1 floor!
  2293 | D:3      | Reached XP level 5. HP: 51/51 MP: 4/4
  2519 | D:3      | Found a shimmering blue altar of Sif Muna.
  2529 | D:3      | Identified the +0 leather armour "Yshrarro" {rC+ Str+2
                  | Int+4}
  2608 | D:4      | Noticed an ogre
  2634 | D:5      | Entered Level 5 of the Dungeon
  2638 | D:5      | Gained mutation: You passively dampen the noise of your
                  | surroundings. [potion of mutation]
  2638 | D:5      | Gained mutation: You expend magic power (3 MP) to
                  | strengthen your wands. [potion of mutation]
  2638 | D:5      | Gained mutation: You sometimes lose your temper in combat.
                  | [potion of mutation]
  2638 | D:5      | Gained mutation: You are partially covered in large bone
                  | plates. (SH +4) [potion of mutation]
  2639 | D:5      | HP: 2/51 [hound (2)]
  2641 | D:5      | Reached skill level 5 in Armour
  2653 | D:5      | Found a shadowy altar of Dithmenos.
  2931 | D:5      | Found a runed translucent gate.
  2931 | D:5      | Found a runed translucent gate.
  2945 | D:5      | Found a runed translucent gate.
  2946 | D:5      | Noticed Seabass1289's ghost (amateur GrEE)
  2983 | D:5      | Reached XP level 6. HP: 54/58 MP: 5/5
  3071 | D:5      | Noticed a sky beast
  3090 | D:4      | Found an ornate altar of the Wu Jian Council.
  3096 | D:4      | Became a worshipper of the Wu Jian Council
  3155 | D:4      | Noticed an angel
  3156 | D:4      | Found a shimmering altar of Xom.
  3156 | D:4      | Found a glowing silver altar of Zin.
  3163 | D:4      | Identified the +8 falchion "Otaukhluw" {drain, rN+ Str+6
                  | Dex-2 Stlth+}
  3648 | D:4      | Found a staircase to the Ecumenical Temple.
  3650 | D:4      | Reached XP level 7. HP: 66/66 MP: 6/6
  3655 | D:4      | Reached * piety under Wu Jian
  3676 | Temple   | Entered the Ecumenical Temple
  4010 | D:5      | Reached skill level 1 in Maces & Flails
  4185 | D:6      | Found a burning altar of Makhleb.
  4353 | D:6      | Found an ancient bone altar of Kikubaaqudgha.
  4437 | D:6      | Noticed Menkaure
  4444 | D:6      | Killed Menkaure
  4562 | D:6      | Noticed a steam dragon
  4573 | D:6      | Killed a steam dragon
  4574 | D:6      | Reached XP level 8. HP: 73/74 MP: 7/7
  4611 | D:6      | Noticed Blork the orc
  4617 | D:6      | Killed Blork the orc
  4618 | D:6      | Reached skill level 5 in Maces & Flails
  4826 | D:6      | Found a radiant altar of Vehumet.
  4826 | D:6      | Noticed Eustachio
  4835 | D:7      | Found Jeamegoz's Book Emporium.
  4882 | D:7      | Reached ** piety under Wu Jian
  4966 | D:7      | Found a white marble altar of Elyvilon.
  5182 | D:7      | Found a stormy altar of Qazlal.
  5353 | D:7      | Reached XP level 9. HP: 83/83 MP: 8/8
  5510 | D:6      | Killed Eustachio
  5779 | D:8      | Noticed Maggie
  5792 | D:8      | Killed Maggie
  5793 | D:8      | Reached skill level 5 in Axes
  6079 | D:8      | Reached skill level 1 in Polearms
  6097 | D:8      | Reached skill level 2 in Polearms
  6153 | D:8      | Reached *** piety under Wu Jian
  6154 | D:8      | Reached skill level 10 in Fighting
  6154 | D:8      | Reached skill level 3 in Polearms
  6245 | D:8      | Reached skill level 4 in Polearms
  6458 | D:9      | Noticed a two-headed ogre
  6585 | D:9      | Reached skill level 10 in Armour
  6622 | D:9      | Reached skill level 5 in Polearms
  6683 | D:9      | Reached XP level 10. HP: 80/94 MP: 9/9
  6691 | D:9      | Reached skill level 6 in Polearms
  6789 | D:9      | Found a sparkling altar of Nemelex Xobeh.
  6878 | D:9      | Killed a two-headed ogre
  6879 | D:9      | Reached skill level 7 in Polearms
  6898 | D:9      | Noticed a two-headed ogre
  6905 | D:9      | Killed a two-headed ogre
  7013 | D:9      | Reached skill level 8 in Polearms
  7043 | D:9      | Found a staircase to the Lair.
  7312 | Lair:1   | Entered Level 1 of the Lair of Beasts
  7326 | Lair:1   | Reached skill level 9 in Polearms
  7353 | Lair:1   | Noticed a cane toad
  7355 | Lair:1   | Noticed an oklob plant
  7372 | Lair:1   | Killed a cane toad
  7372 | Lair:1   | Reached **** piety under Wu Jian
  7382 | Lair:1   | Reached XP level 11. HP: 95/104 MP: 10/10
  7476 | Lair:1   | Noticed Sonja
  7485 | Lair:1   | Killed Sonja
  7577 | Lair:1   | Noticed Jeremiah
  7587 | Lair:1   | Killed Jeremiah
  7588 | Lair:1   | Reached skill level 10 in Polearms
  7907 | Lair:1   | Noticed an oklob plant
  7942 | Lair:1   | Reached skill level 11 in Polearms
  8404 | Lair:2   | You fall into a shaft and drop 2 floors!
  8436 | Lair:4   | Found a viscous altar of Jiyva.
  8436 | Lair:4   | Found a staircase to the Slime Pits.
  8445 | Slime:1  | Entered Level 1 of the Pits of Slime
  8450 | Slime:1  | Noticed an acid blob
  8450 | Slime:1  | Noticed an acid blob
  8583 | Lair:4   | Reached skill level 12 in Polearms
  9331 | Lair:4   | Reached ***** piety under Wu Jian
  9347 | Lair:4   | Reached XP level 12. HP: 71/115 MP: 11/11
  9715 | Lair:3   | Noticed an eight-headed hydra
  9715 | Lair:3   | Noticed a five-headed hydra
  9729 | Lair:4   | Killed an eight-headed hydra
  9730 | Lair:4   | Reached skill level 13 in Polearms
  9886 | Lair:5   | Entered Level 5 of the Lair of Beasts
  9886 | Lair:5   | Noticed an eight-headed hydra
 11014 | Lair:5   | Reached skill level 14 in Polearms
 11266 | Lair:5   | Noticed an eight-headed hydra
 11298 | Lair:5   | Killed an eight-headed hydra
 11335 | Lair:5   | Reached skill level 15 in Polearms
 11355 | Lair:5   | Reached XP level 13. HP: 77/125 MP: 12/12
 11809 | Lair:5   | Reached skill level 16 in Polearms
 11864 | Lair:5   | Reached skill level 15 in Fighting
 12294 | Lair:5   | Paralysed by a hornet for 3 turns
 12633 | Lair:5   | Reached skill level 15 in Armour
 13227 | Lair:4   | Killed an acid blob
 13233 | Lair:4   | Killed an acid blob
 13234 | Lair:4   | Reached skill level 17 in Polearms
 13347 | Slime:1  | Noticed an acid blob
 13650 | Slime:1  | Killed an acid blob
 14073 | Slime:1  | Gained mutation: You occasionally lose the ability to drink
                  | potions when taking damage. [a shining eye]
 14075 | Slime:1  | Gained mutation: You are weak. (Str -2) [a shining eye]
 14090 | Lair:4   | Gained mutation: You are occasionally teleported next to
                  | monsters. [a shining eye]
 14257 | Slime:3  | Reached XP level 14. HP: 136/136 MP: 13/13
 14594 | Slime:3  | Gained mutation: You are vulnerable to cold. (rC-) [a
                  | shining eye]
 14704 | Slime:5  | Entered Level 5 of the Pits of Slime
 14704 | Slime:5  | Noticed an acid blob
 14712 | Slime:5  | Slain by an acid blob

Illustrated notes

Levels and vault maps discovered:
D:1:      minmay_arrival_diagonal_passages, layout_basic,
          basic_ecumenical_altar, minmay_misc_feat_cross
D:2:      layout_basic, grunt_ministairs_12, minmay_misc_feat_iff,
          minmay_split_cup_large
D:3:      layout_basic, hellmonk_sif_muna_bookshelves,
          kennysheep_generic_room_16
D:4:      layout_loops_ring, grunt_temple_overflow_order_and_chaos_1,
          nicolae_wu_jian_glorious_leap, temple_statues
D:5:      layout_gridville, mainiacjoe_overflow_paths,
          gammafunk_ghost_nasty_kobolds
D:6:      minmay_angry_zag, layout_loops_cross, nicolae_vehumet_altar_sigil,
          nicolae_kikubaaqudgha_miasma_corner, mainiacjoe_overflow_chevrons,
          minmay_misc_feat_ornament, uniq_menkaure, uniq_blork_the_orc,
          uniq_eustachio
D:7:      layout_rooms, nicolae_qazlal_scattered_showers, elyvilon_altar_4,
          serial_shops, nicolae_shop_hallway_stairs
D:8:      layout_basic, uniq_maggie
D:9:      layout_cross, nemelex_diamond_rough_becter, hellmonk_lair_entry_icy
Temple:   nicolae_temple_two_arcs
Lair:1:   minmay_lair_oklob_chamber, layout_cave_pods, serial_bayou_shore_b,
          uniq_sonja, uniq_jeremiah
Lair:2:   layout_loops_ring, serial_bayou_shore_b, infiniplex_staircase_pool_2,
          grunt_megastairs_2
Lair:3:   layout_roguey, alex1729_swamp_entry_worm_eleionoma,
          minmay_snake_entry_guardpost_small, portal_ice_cave_rime,
          nicolae_quartered_pool_super, eino_small_chamber_without_monster,
          amcnicky_mini_pool_medium, uniq_amaemon
Lair:4:   dreamdust_isle_of_ice, layout_regular_city, slime_entry_1
Lair:5:   hangedman_lair_tendril_chambers, layout_regular_city, st_stairs_4,
          minmay_lindwurm_lava
Slime:1:  layout_caves, nicolae_slime_getting_an_eyeful
Slime:2:  layout_caves
Slime:3:  nicolae_slime_infinislime, layout_caves, nicolae_slime_round_cave
Slime:4:  layout_caves
Slime:5:  slime_pit_nicolae_royal_road_to_ruin

Skill      XL: |  1  2  3  4  5  6  7  8  9 10 11 12 13 |
---------------+----------------------------------------+-----
Fighting       | 4 5 6 7 8 9 10 11 13 14 15 | 15.9
Armour         | 4 5 7 9 10 11 12 14 15 | 15.8
Maces & Flails | 4 6 |  6.9
Axes           | 3 5 |  5.7
Polearms       | 5 9 12 15 17 | 17.9
Shields        | |  3.6

Action                     |  1- 3 |  4- 6 |  7- 9 | 10-12 | 13-15 || total
---------------------------+-------+-------+-------+-------+-------++-------
  Melee: War axe           |    24 |       |       |       |       ||    24
         Headbutt          |     7 |    17 |    59 |   113 |   109 ||   305
         Hand axe          |    10 |       |    53 |       |       ||    63
         Rapier            |    19 |    96 |       |       |       ||   115
         Falchion          |       |    30 |     4 |       |       ||    34
         Mace              |       |       |   142 |       |       ||   142
         Lance             |       |       |    61 |   466 |   419 ||   946
  Throw: Stone             |       |       |     4 |       |       ||     4
         Throwing net      |       |       |       |     4 |       ||     4
 Invoke: Serpent's Lash    |       |       |       |       |     1 ||     1
         Heavenly Storm    |       |       |       |       |     1 ||     1
Ability: Lunge             |       |     7 |    23 |    19 |    12 ||    61
         Whirlwind         |       |       |     2 |     2 |       ||     4
    Use: Scroll            |     3 |     4 |     1 |     3 |     1 ||    12
         Potion            |       |     2 |     3 |     2 |     2 ||     9
   Stab: Sleeping          |       |     3 |       |       |       ||     3
         Held in net/web   |       |       |       |     1 |       ||     1
         Distracted        |       |       |       |     4 |     2 ||     6
         Invisible         |       |       |       |     2 |       ||     2
         Petrifying        |       |       |       |       |     1 ||     1
 Armour: Scale mail        |    10 |       |       |       |       ||    10
         Chain mail        |    24 |    42 |   175 |   353 |   271 ||   865
         Skin              |     4 |       |       |       |       ||     4
         Leather armour    |       |    23 |       |       |       ||    23
  Dodge: Dodged            |    21 |    44 |    87 |   129 |   110 ||   391
  Block: Buckler           |     6 |    38 |   131 |    49 |       ||   224
         Reflection        |       |       |     6 |     3 |       ||     9
